 Dungeon Crawl Stone Soup version 0.29-a0-559-g359e09b9d1 (webtiles) character file.

Game seed: 1955871928763277721

10427 gruber the Geomancer (level 11, -1/71 HPs)
             Began as a Gargoyle Earth Elementalist on June 10, 2022.
             Was a Believer of Vehumet.
             Slain by a wraith (6 damage)
             ... led by Josephine
             ... on level 10 of the Dungeon.
             The game lasted 00:22:44 (11829 turns).

gruber the Geomancer (Gargoyle Earth Elementalist) Turns: 11829, Time: 00:22:45

Health: -1/71      AC: 15    Str: 11    XL:     11   Next: 61%
Magic:  5/17       EV: 15    Int: 27    God:    Vehumet [**....]
Gold:   567        SH:  0    Dex: 10    Spells: 7/18 levels left

rFire   + . .      SeeInvis .   B - +2 dagger (venom)
rCold   . . .      Faith    .   (no shield)
rNeg    + . .      Spirit   .   M - +2 leather armour {rF+}
rPois   ∞          Reflect  .   (no helmet)
rElec   +          Harm     .   b - scarf {+Inv}
rCorr   .          Rampage  .   l - +0 pair of gloves
Will    .....                   (no boots)
Stlth   ++........              (no amulet)
HPRegen 0.21/turn               h - +4 ring of evasion
MPRegen 0.15/turn               W - +6 ring of intelligence

@: freezing walls, slowed, very slow
A: sickness immunity, AC +8, negative energy resistance 1, electricity
resistance, torment resistance 1, petrification resistance
a: Renounce Religion, Evoke Invisibility


You were on level 10 of the Dungeon.
You worshipped Vehumet.
Vehumet was pleased with you.
You visited 2 branches of the dungeon, and saw 12 of its levels.

You collected 567 gold pieces.

Inventory:

Hand Weapons
 x - the +4 hunting sling "Hioxtalo" {venom, +Blink rCorr Int-3 SInv}
   (You found it on level 5 of the Dungeon)

   Any ammunition fired from it poisons the flesh of those it strikes.
   Int:       It affects your intelligence (-3).
   SInv:      It lets you see invisible.
   +Blink:    It lets you blink.
   rCorr:     It protects you from acid and corrosion.
 B - a +2 dagger of venom (weapon)
 F - a +4 dagger
 N - a +2 war axe of venom
 T - a +1 whip of electrocution
Missiles
 a - 213 stones
 m - 25 poisoned darts
 A - 4 curare-tipped darts
 S - 6 datura-tipped darts
 Y - a throwing net
Armour
 b - a scarf of invisibility (worn)
 l - a +0 pair of gloves (worn)
 M - a +2 leather armour of fire resistance (worn)
Jewellery
 h - a +4 ring of evasion (left hand)
 r - a ring of willpower
 O - a ring of magical power
 Q - a ring of see invisible
 W - a +6 ring of intelligence (right hand)
 Z - a ring of willpower
Wands
 k - a wand of iceblast (12)
 t - a wand of digging (4)
 E - a wand of paralysis (8)
 L - a wand of mindburst (15)
 V - a wand of polymorph (10)
Scrolls
 e - 2 scrolls of fear {unknown}
 i - 4 scrolls of summoning {unknown}
 j - 18 scrolls of identify {unknown}
 o - a scroll of silence {unknown}
 p - 5 scrolls of teleportation {unknown}
 q - 2 scrolls of enchant weapon {unknown}
 s - 2 scrolls of immolation {unknown}
 u - 5 scrolls of poison {unknown}
 w - 4 scrolls of fog {unknown}
 y - 2 scrolls of torment {unknown}
 C - a scroll of magic mapping {unknown}
 G - 2 scrolls of acquirement {unknown}
 I - 4 scrolls of noise {unknown}
 J - 2 scrolls of vulnerability {unknown}
 X - a scroll of enchant armour {unknown}
Potions
 c - 3 potions of magic
 d - 3 potions of lignification {unknown}
 f - 6 potions of curing {unknown}
 g - a potion of attraction {unknown}
 n - a potion of invisibility {unknown}
 v - a potion of resistance {unknown}
 z - a potion of ambrosia {unknown}
 D - 3 potions of heal wounds {unknown}
 H - a potion of brilliance {unknown}
 P - a potion of flight {unknown}
 R - 3 potions of degeneration {unknown}
 U - 2 potions of haste {unknown}


   Skills:
 - Level 9.0 Fighting
 * Level 7.8 Armour
 - Level 2.0 Dodging
 - Level 2.1 Stealth
 - Level 4.2 Spellcasting
 - Level 8.0 Conjurations
 - Level 0.7 Transmutations
 - Level 0.1 Fire Magic
 - Level 6.0 Ice Magic
 - Level 0.2 Air Magic
 - Level 12.0 Earth Magic


You had 7 spell levels left.
You knew the following spells:

 Your Spells              Type           Power      Damage    Failure   Level
a - Sandblast             Erth           100%       2d20      1%          1
b - Stone Arrow           Conj/Erth      100%       3d13      1%          3
c - Petrify               Tmut/Erth      40%        N/A       7%          4
d - Frozen Ramparts       Ice            76%        1d9       2%          3

Your spell library contained the following spells:

 Spells                   Type           Power      Damage    Failure   Level
 Shock                    Conj/Air       100%       1d9       1%          1
 Passwall                 Tmut/Erth      33%        N/A       1%          2
 Beastly Appendage        Tmut           18%        N/A       8%          1
 Slow                     Hex            20%        N/A       10%         1
 Iskenderun's Battlesphe  Conj           49%        2d10      10%         5
 Wereblood                Tmut           9%         N/A       11%         2
 Poisonous Vapours        Pois/Air       12%        N/A       14%         2
 Blink                    Tloc           10%        N/A       16%         2
 Ice Form                 Ice/Tmut       23%        N/A       24%         4
 Iron Shot                Conj/Erth      28%        9d6       24%         6
 Spider Form              Tmut/Pois      7%         N/A       26%         3
 Summon Ice Beast         Ice/Summ       22%        N/A       28%         4
 Confusing Touch          Hex            5%         N/A       30%         3
 Vampiric Draining        Necr           5%         2d6       30%         3
 Corpse Rot               Necr/Pois/Air  6%         N/A       67%         4
 Olgreb's Toxic Radiance  Pois           5%         N/A       69%         4
 Manifold Assault         Tloc           5%         N/A       95%         5
 Ozocubu's Refrigeration  Ice            19%        4d8       100%        7
 Spellforged Servitor     Conj/Summ      13%        N/A       100%        7
 Storm Form               Tmut/Air       4%         N/A       100%        7
 Ignition                 Fire           3%         3d4       100%        8


Dungeon Overview and Level Annotations

Branches:
Dungeon (11/15)            Temple (1/1) D:7            Lair (0/6) D:8
    Orc: D:9-12

Altars:
Ashenzari
Cheibriados
Dithmenos
Elyvilon
Fedhas
Gozag
Hepliaklqana
Kikubaaqudgha
Makhleb
Nemelex Xobeh
Okawaru
Qazlal
Ru
Sif Muna
Trog
Uskayaw
Vehumet
Wu Jian
Xom
Yredelemnul
Zin
The Shining One
Jiyva

Shops:
D:6 [   D:8 (   D:10 (

Annotations:
D:3 2 transporters, Crownlay's ghost, amateur GnNe


Innate Abilities, Weirdness & Mutations

You are immune to sickness and miasma.
Your stone body is resilient. (AC +8)
You are immune to poison.
You resist negative energy. (rN+)
You are resistant to electric shocks. (rElec)
You are resistant to unholy torment.
You are immune to petrification.


Message History

You destroy the wraith!
Vehumet accepts your kill.
You feel your power returning.
The now-empty wand crumbles to dust.
The wraith resists.
The wall freezes the wraith.
Unknown command.
Unknown command.
Casting: Frozen Ramparts (mildly dangerous; 2% risk of failure)
Confirm with . or Enter, or press ? or * to list all spells.
Aiming: Sandblast (safe; 1% risk of failure)
Press: ? - help, Shift-Dir - straight line, f - wraith
Aim: a wraith (moderately damaged, 84% to hit)
The blast of sand hits the wraith!
The wraith is severely damaged.
The wraith resists.
The wall freezes the wraith.
The wraith hits you!
* * * LOW HITPOINT WARNING * * *
The wraith drains your vigour!
You feel as though you will be slow longer.
The wraith completely resists.
The wall freezes the wraith but does no damage.
The wraith hits you but does no damage.
Unknown command.
Casting: Sandblast (safe; 1% risk of failure)
Confirm with . or Enter, or press ? or * to list all spells.
Aiming: Sandblast (safe; 1% risk of failure)
Press: ? - help, Shift-Dir - straight line, f/p - wraith
Aim: a wraith (severely damaged, 84% to hit)
The blast of sand hits the wraith but does no damage.
The wraith is severely damaged.
The wraith resists.
The wall freezes the wraith.
The wraith barely misses you.
Unknown command.
Unknown command.
Casting: Sandblast (safe; 1% risk of failure)
Confirm with . or Enter, or press ? or * to list all spells.
Aiming: Sandblast (safe; 1% risk of failure)
Press: ? - help, Shift-Dir - straight line, f/p - wraith
Aim: a wraith (severely damaged, 84% to hit)
The blast of sand hits the wraith but does no damage.
The wraith is severely damaged.
The wraith resists.
The wall freezes the wraith.
The wraith hits you.
You die...

##### ######....
#########........#
...####.................
#.......................
# #@#####.#.##......
#..####W# #.#.##.#...#
#...W†..# #.#.##.#....
#.####..#####.#.##......
#........#.##...###
........######.##...#
######..# ###.##...#
#..# #.... #...#
#######..##...####...###


You could see a wraith.

Vanquished Creatures
  Josephine (D:10)
  A boulder beetle (D:8)
  A centaur warrior (D:8)
  A two-headed ogre (D:9)
  2 death yaks (D:8)
  Pikel (D:6)
  A cyclops (D:8)
  A komodo dragon (D:10)
  A shadow (D:10)
  3 wyverns
  8 yaks
  2 wraiths (D:10)
  A vampire mosquito (D:11)
  2 steam dragons
  2 acid dragons
  2 water moccasins
  2 sky beasts
  3 orc warriors
  3 ogres
  An ice beast (D:6)
  3 centaurs
  A lemure (D:6)
  5 bullfrogs
  2 kobold brigands
  A gnoll sergeant (D:8)
  A necrophage (D:6)
  2 scorpions
  5 wights (D:9)
  A killer bee (D:8)
  A howler monkey (D:8)
  5 jellies
  2 hounds
  7 orc priests
  A gnoll shaman (D:8)
  3 iguanas
  6 orc wizards
  4 gnolls
  10 adders
  3 shadow imps
  7 white imps
  An ufetubus (D:7)
  5 dart slugs
  34 orcs
  9 endoplasms
  3 giant cockroaches
  5 goblins
  9 hobgoblins
  2 jackals (D:2)
  A quokka (D:1)
  13 ball pythons
  5 bats
  2 frilled lizards
  11 kobolds
  11 rats
220 creatures vanquished.

Notes
Turn   | Place    | Note
-------+----------+-------------------------------------------
     0 | D:1      | gruber the Gargoyle Earth Elementalist began the quest for
                  | the Orb.
     0 | D:1      | Reached XP level 1. HP: 10/10 MP: 3/3
   146 | D:1      | Found a faded altar of an unknown god.
   151 | D:1      | Reached skill level 4 in Earth Magic
   167 | D:1      | Reached XP level 2. HP: 10/15 MP: 1/5
   657 | D:1      | Reached XP level 3. HP: 19/19 MP: 2/6
  1786 | D:3      | Reached XP level 4. HP: 24/24 MP: 5/8
  1835 | D:3      | Reached skill level 5 in Earth Magic
  1936 | D:3      | Learned a level 3 spell: Stone Arrow
  2015 | D:3      | Found a transporter.
  2019 | D:3      | Noticed Crownlay's ghost (amateur GnNe)
  2024 | D:3      | Found a transporter.
  2419 | D:3      | Reached XP level 5. HP: 26/28 MP: 10/10
  3151 | D:4      | Reached skill level 6 in Earth Magic
  3151 | D:4      | Reached XP level 6. HP: 32/32 MP: 5/12
  3249 | D:4      | Reached skill level 1 in Conjurations
  3916 | D:5      | Entered Level 5 of the Dungeon
  4061 | D:5      | Identified the +4 hunting sling "Hioxtalo" {venom, +Blink
                  | rCorr Int-3 SInv}
  4123 | D:5      | Reached skill level 7 in Earth Magic
  4123 | D:5      | Reached XP level 7. HP: 22/36 MP: 0/13
  4917 | D:6      | Found Naupry's Antique Armour Shop.
  5083 | D:6      | Reached skill level 8 in Earth Magic
  5293 | D:6      | Reached skill level 9 in Earth Magic
  5293 | D:6      | Reached XP level 8. HP: 36/41 MP: 9/14
  5569 | D:6      | Reached skill level 5 in Conjurations
  6010 | D:6      | Noticed Pikel
  6063 | D:6      | Killed Pikel
  6200 | D:7      | Reached XP level 9. HP: 43/45 MP: 7/15
  6728 | D:7      | Found a staircase to the Ecumenical Temple.
  6737 | Temple   | Entered the Ecumenical Temple
  6991 | Temple   | Became a worshipper of Vehumet
  7544 | D:8      | Found Edaev's Weapon Emporium.
  7587 | D:8      | Noticed a death yak
  7624 | D:7      | Reached skill level 1 in Fighting
  7846 | D:7      | Learned a level 4 spell: Petrify
  7850 | D:7      | Learned a level 3 spell: Frozen Ramparts
  7875 | D:8      | Noticed a boulder beetle
  8154 | D:8      | Reached skill level 5 in Fighting
  8293 | D:8      | Noticed a death yak
  8331 | D:8      | Killed a death yak
  8332 | D:8      | Reached XP level 10. HP: 25/64 MP: 3/16
  8366 | D:8      | Killed a boulder beetle
  8558 | D:8      | Noticed a death yak
  8623 | D:8      | Reached skill level 1 in Ice Magic
  8672 | D:8      | Killed a death yak
  8672 | D:8      | Reached * piety under Vehumet
  8672 | D:8      | Offered knowledge of Foxfire by Vehumet.
  9025 | D:8      | Reached skill level 5 in Ice Magic
  9040 | D:8      | Noticed a cyclops
  9257 | D:8      | Noticed a centaur warrior
  9263 | D:8      | Killed a centaur warrior
  9264 | D:8      | Reached skill level 10 in Earth Magic
  9375 | D:8      | Found a staircase to the Lair.
  9505 | D:8      | Killed a cyclops
  9506 | D:8      | Reached XP level 11. HP: 59/71 MP: 3/17
  9878 | D:9      | Reached skill level 11 in Earth Magic
 10250 | D:9      | Found a viscous altar of Jiyva.
 10312 | D:9      | Offered knowledge of Shock by Vehumet.
 10444 | D:9      | Reached ** piety under Vehumet
 10445 | D:9      | Reached skill level 12 in Earth Magic
 10520 | D:9      | Noticed a two-headed ogre
 10528 | D:9      | Killed a two-headed ogre
 10529 | D:9      | Reached skill level 5 in Armour
 11226 | D:10     | Entered Level 10 of the Dungeon
 11349 | D:10     | Found a snail-covered altar of Cheibriados.
 11418 | D:10     | You fall into a shaft and drop 1 floor!
 11537 | D:10     | Found Qeozxophuu's Weapon Boutique.
 11813 | D:10     | Noticed Josephine
 11819 | D:10     | Killed Josephine
 11829 | D:10     | Slain by a wraith

Illustrated notes

Levels and vault maps discovered:
D:1:      onia_arrival_handbag, layout_basic,
          hellmonk_ecumenical_altar_inner_sanctum
D:2:      layout_loops_ring, cheibrodos_gnoll_hut
D:3:      layout_loops_cross, gammafunk_ghost_mausoleum
D:4:      layout_basic
D:5:      layout_loops_ring, lemuel_flame_loot_1
D:6:      layout_basic, serial_shops, shop, uniq_pikel
D:7:      layout_basic, minmay_temple_entry_purple_smoke
D:8:      cheibrodos_ideogram_h, layout_basic, dpeg_lair_monsters,
          enter_bailey_4, serial_shops, shop
D:9:      layout_long_grid, grunt_ogre_cave, jiyva_altar_1
D:10:     layout_loops_ring, kennysheep_slug_shrine, serial_shops,
          kennysheep_little_box, fungi_pond_lemuel, uniq_josephine, uniq_erica,
          uniq_sonja
D:11:     layout_loops_ring, muffindrake_ghost_dual_entry
Temple:   nicolae_temple_the_god_donut

Skill      XL: |  1  2  3  4  5  6  7  8  9 10 11 |
---------------+----------------------------------+-----
Earth Magic    | 4 5 6 7 9 10 12 | 12.0
Spellcasting   | 3 4 |  4.2
Conjurations   | 2 3 8 |  8.0
Armour         | 2 4 7 |  7.8
Dodging        | 2 |  2.0
Fighting       | 7 9 |  9.0
Ice Magic      | 6 |  6.0
Stealth        | |  2.1
Transmutations | |  0.7
Fire Magic     | |  0.1
Air Magic      | |  0.2

Action                   |  1- 3 |  4- 6 |  7- 9 | 10-12 || total
-------------------------+-------+-------+-------+-------++-------
Melee: Unarmed           |    27 |       |       |       ||    27
       Quarterstaff      |     9 |    94 |     4 |       ||   107
       Punch             |     1 |       |     1 |     2 ||     4
       Dagger            |       |       |    52 |    46 ||    98
Throw: Dart              |       |     3 |     6 |    11 ||    20
 Cast: Sandblast         |    40 |    51 |   116 |    41 ||   248
       Stone Arrow       |       |       |     6 |    53 ||    59
       Frozen Ramparts   |       |       |       |    18 ||    18
Evoke: Wand              |       |       |     2 |     3 ||     5
 Stab: Sleeping          |     3 |     3 |       |     1 ||     7
Armor: Robe              |    20 |    27 |    18 |       ||    65
       Leather armour    |       |       |     9 |    31 ||    40
Dodge: Dodged            |    35 |   119 |   104 |    79 ||   337

Table legend: (Time is in decaauts)
 A = Elapsed time spent in this place.
 B = Non-inter-level travel time spent in this place.
 C = Inter-level travel time spent in this place.
 D = Time resting spent in this place.
 E = Time spent auto-exploring this place.
 F = Levels seen in this place.
 G = Mean time per level.
                   A        B        C        D        E       F      G
               +--------+--------+--------+--------+--------+-----+--------+
         Total |  11868 |  11308 |    560 |    181 |   9320 |  12 |  989.0 |
       Dungeon |  11605 |  11055 |    550 |    181 |   9092 |  11 | 1055.0 |
        Temple |    263 |    254 |      9 |      0 |    228 |   1 |  263.0 |
               +--------+--------+--------+--------+--------+-----+--------+

Top non-repeatable levels by time:
     D:8: 2101 daAuts
     D:9: 1448 daAuts
     D:6: 1270 daAuts
     D:4: 1244 daAuts
     D:7: 1233 daAuts
     D:5: 1004 daAuts
     D:3: 960 daAuts
     D:1: 923 daAuts
     D:2: 814 daAuts
    D:10: 490 daAuts
  Temple: 263 daAuts
    D:11: 113 daAuts
